 Dungeon Crawl Stone Soup version 0.30.0-7-g0c4daa9e05 (webtiles) character file.

Game seed: 2945284849743866209

238 Atelerd the Digger (level 6, 0/36 HPs)
             Began as an Octopode Earth Elementalist on May 13, 2023.
             Slain by Natasha (6 damage)
             ... on level 4 of the Dungeon.
             The game lasted 00:02:00 (3202 turns).

Atelerd the Digger (Octopode Earth Elementalist)    Turns: 3202, Time: 00:02:01

Health: 0/36       AC:  5    Str:  7    XL:     6   Next: 7%
Magic:  5/12       EV: 13    Int: 19    God:
Gold:   132        SH:  0    Dex: 13    Spells: 12/13 levels left

rFire   . . .        v - +1 short sword (venom)
rCold   . . .        (no shield)
rNeg    . . .        (helmet restricted)
rPois   .            (no amulet)
rElec   .            i - +4 ring of protection
rCorr   .            (no ring)
SInv    .            (no ring)
Will    .....        (no ring)
Stlth   +++          (no ring)
HPRegen 0.26/turn    (no ring)
MPRegen 0.13/turn    (no ring)
                     (no ring)

%: no passive effects
@: attractive, slowed, very slow
A: almost no armour, amphibious, 8 rings, camouflage 1, gelatinous body 1,
(nimble swimmer 1), tentacles
a: no special abilities


You were on level 4 of the Dungeon.
You visited 1 branch of the dungeon, and saw 4 of its levels.

You collected 132 gold pieces.

Inventory:

Hand Weapons
 o - a +0 dagger
 v - a +1 short sword of venom (weapon)
Missiles
 q - a throwing net
Jewellery
 i - a +4 ring of protection (left tentacle)
Scrolls
 c - a scroll of identify {unknown}
 e - 2 scrolls of immolation {unknown}
 g - 2 scrolls of teleportation {unknown}
 j - a scroll of summoning {unknown}
 l - a scroll of silence {unknown}
 m - a scroll of torment {unknown}
 r - a scroll of enchant armour {unknown}
 s - a scroll of magic mapping {unknown}
 t - a scroll of acquirement {unknown}
 w - 2 scrolls of poison {unknown}
Potions
 a - a potion of magic
 b - a potion of attraction
 d - a potion of curing {unknown}
 f - a potion of might {unknown}
 h - a potion of haste {unknown}
 k - a potion of flight {unknown}
 n - a potion of cancellation {unknown}
 p - a potion of brilliance {unknown}
 u - a potion of mutation {unknown}


   Skills:
 + Level 0.1 Fighting
 + Level 0.6 Short Blades
 - Level 2.0 Dodging
 - Level 2.6 Stealth
 + Level 0.9 Unarmed Combat
 + Level 4.0 Spellcasting
 + Level 1.0 Transmutations
 + Level 5.0 Earth Magic


You had 12 spell levels left.
You knew the following spells:

 Your Spells              Type           Power      Damage    Failure   Level
a - Sandblast             Erth           44%        2d11      1%          1

Your spell library contained the following spells:

 Spells                   Type           Power      Damage    Failure   Level
 Passwall                 Tmut/Erth      12%        N/A       6%          2
 Stone Arrow              Conj/Erth      26%        3d8       14%         3
 Scorch                   Fire           6%         2d5       21%         2
 Petrify                  Tmut/Erth      15%        N/A       36%         4
 Animate Dead             Necr           3%         N/A       80%         4
 Flame Wave               Conj/Fire      3%         2d5       80%         4
 Summon Cactus Giant      Summ           1%         N/A       100%        6
 Haunt                    Necr/Summ      1%         N/A       100%        7
 Infestation              Necr           1%         N/A       100%        8


Dungeon Overview and Level Annotations

Branches:
Dungeon (4/15)
 Temple: D:4-7

Altars:
Okawaru
Trog
Vehumet

Annotations:
D:4 2 runed translucent doors, Ijustatesigmund's ghost, novice GnCj; Natasha


Innate Abilities, Weirdness & Mutations

You cannot wear most types of armour.
You are amphibious.
You can wear up to eight rings at the same time.
Your skin changes colour to match your surroundings (Stealth+).
Your rubbery body absorbs attacks. (AC +1, EV +1)
((You are camouflaged when in or above water. (Stealth+)))
You have tentacles for arms and can constrict up to eight enemies at once.


Message History

There are monsters nearby!
The blast of sand hits the cerulean imp!
The cerulean imp is severely wounded.
Ijustatesigmund's ghost turns its malevolent gaze towards you.
Ijustatesigmund's ghost stares at you. Natasha closely misses you.
The cerulean imp misses you.
The cerulean imp hits you but does no damage.
Natasha closely misses you.
The cerulean imp hits you with a +2 spear.
Casting: Sandblast (safe; 1% risk of failure)
Confirm with . or Enter, or press ? or * to list all spells.
Aiming: Sandblast (safe; 1% risk of failure)
Press: ? - help, Shift-Dir - straight line, f - Natasha, p - cerulean imp
Aim: Natasha (79% to hit)
The blast of sand hits Natasha.
Natasha is lightly wounded.
The cerulean imp closely misses you. Natasha claws you!
The cerulean imp hits you with a +2 spear.
The cerulean imp hits you from afar with a +1 spear.
Unknown command.
Casting: Sandblast (safe; 1% risk of failure)
Confirm with . or Enter, or press ? or * to list all spells.
Aiming: Sandblast (safe; 1% risk of failure)
Press: ? - help, Shift-Dir - straight line, f/p - Natasha
Aim: Natasha (lightly wounded, 79% to hit)
The blast of sand misses Natasha.
Natasha wildly gestures.
Natasha's front paws start to glow.
Natasha claws you.
* * * LOW HITPOINT WARNING * * *
The cerulean imp hits you with a +2 spear.
* * * LOW HITPOINT WARNING * * *
The cerulean imp hits you but does no damage.
Natasha casts a spell at you.
You feel yourself slow down. The cerulean imp misses you.
Unknown command.
It was a potion of attraction.
You feel attractive to monsters. The cerulean imp closely misses you.
Natasha claws you.
You die...

#.#...# ###.#~[~#
#........#
#.....###...#~r~#
#........#
###.........#~~~#
.......
######...##W~~#
#....#rFr# ###
#.#..##+##....
##.#..#.......>
#..!...........
#......)@5##'##
#........h#
..........5..
.......#.......
.......'.........
.......#........♣
......#......!..
.... #........♣


You could see a bullfrog, Natasha, Ijustatesigmund's ghost, 2 cerulean imps, 2
river rats and a rat (wandering).

Vanquished Creatures
  A scorpion (D:3)
  An orc wizard (D:3)
  Robin (D:3)
  4 adders
  3 gnolls (D:2)
  2 worms
  2 dart slugs
  3 orcs (D:3)
  4 ball pythons
  4 bats
  7 endoplasms
  2 giant cockroaches
  9 hobgoblins
  7 kobolds
  2 quokkas
  2 frilled lizards
  8 goblins
  7 rats
69 creatures vanquished.

Notes
Turn   | Place    | Note
-------+----------+-------------------------------------------
     0 | D:1      | Atelerd the Octopode Earth Elementalist began the quest for
                  | the Orb.
     0 | D:1      | Reached XP level 1. HP: 11/11 MP: 3/3
   226 | D:1      | Reached XP level 2. HP: 17/17 MP: 3/5
   990 | D:2      | Reached XP level 3. HP: 21/21 MP: 6/6
  1024 | D:2      | Found a faded altar of an unknown god.
  1293 | D:2      | Reached skill level 4 in Earth Magic
  1293 | D:2      | Reached XP level 4. HP: 27/27 MP: 3/8
  1452 | D:2      | Found a bloodstained altar of Trog.
  1598 | D:3      | Found an iron altar of Okawaru.
  1749 | D:3      | Found a radiant altar of Vehumet.
  1812 | D:3      | Reached XP level 5. HP: 19/31 MP: 4/10
  2486 | D:3      | Noticed Robin
  2497 | D:3      | Killed Robin
  2498 | D:3      | Reached XP level 6. HP: 25/36 MP: 3/11
  2947 | D:4      | Reached skill level 5 in Earth Magic
  3133 | D:4      | Found a runed translucent door.
  3190 | D:4      | Found a runed translucent door.
  3190 | D:4      | Noticed Ijustatesigmund's ghost (novice GnCj)
  3190 | D:4      | Noticed Natasha
  3202 | D:4      | Slain by Natasha

Illustrated notes

Levels and vault maps discovered:
D:1:      eino_arrival_water_cross, layout_loops_ring, serial_bayou_ford_a,
          minmay_close_crescents
D:2:      layout_rooms, basic_altar, hellmonk_ecumenical_altar_lost_god
D:3:      layout_loops_corners, nicolae_vehumet_radiance,
          mainiacjoe_overflow_24_doors, uniq_robin
D:4:      layout_basic, kennysheep_mini_moat, ebering_ghost_sewer_f,
          minmay_shop_grid_forest, minmay_misc_feat_ornament, uniq_natasha

Skill      XL: |  1  2  3  4  5  6 |
---------------+-------------------+-----
Spellcasting   | 3 4 |  4.0
Earth Magic    | 4 5 |  5.0
Fighting       | |  0.1
Short Blades   | |  0.6
Dodging        | |  2.0
Stealth        | |  2.6
Unarmed Combat | |  0.9
Transmutations | |  1.0

Action                     |  1- 3 |  4- 6 || total
---------------------------+-------+-------++-------
  Melee: Unarmed           |    11 |       ||    11
         Tentacles         |     2 |     8 ||    10
         Punch             |     2 |       ||     2
         Constrict         |     2 |     8 ||    10
         Dagger            |     2 |    26 ||    28
         Short sword       |       |     5 ||     5
   Cast: Sandblast         |    36 |    41 ||    77
    Use: Potion            |       |     1 ||     1
   Stab: Sleeping          |     2 |     3 ||     5
 Armour: Skin              |     2 |    19 ||    21
  Dodge: Dodged            |    11 |    42 ||    53
